[Event "K11"]
[Site "?"]
[Date "2021.08.06"]
[Round "9"]
[White "Gubin, Michail"]
[Black "Hozda, Max"]
[Result "0-1"]
[ECO "B12"]
[WhiteElo "1847"]
[BlackElo "1730"]
[Annotator ",martin-koller@seznam"]
[PlyCount "148"]
[TimeControl "240+2"]

{600MB, Fritz10.ctg} 1. e4 c6 2. Nc3 d5 3. e5 Bf5 4. d4 e6 5. g4 Bg6 6. Nge2 h6
7. Nf4 Bh7 8. h4 a6 9. Bd3 Bxd3 10. Qxd3 c5 11. Nce2 Nc6 12. c3 cxd4 13. cxd4
Rc8 14. Bd2 Be7 15. Nxe6 fxe6 16. Qg6+ Kd7 17. Qxg7 Qf8 18. Qxh8 Qf3 19. Rg1
Rf8 20. Be3 Nf6 21. Qxf8 Bxf8 22. exf6 Qxf6 23. g5 hxg5 24. hxg5 Bb4+ 25. Nc3
Qg6 26. Kd2 Ne7 27. a3 Ba5 28. b4 Bc7 29. Rh1 Nf5 30. Rag1 Nd6 31. Nb1 Nc4+ 32.
Kc3 e5 33. Rh6 exd4+ 34. Bxd4 Qe4 35. Rh3 Be5 36. Rd3 Bxd4+ 37. Rxd4 Qf3+ 38.
Rd3 Qxf2 39. Rxd5+ Ke6 40. Rgd1 Ne3 41. R5d2 Nxd1+ 42. Rxd1 Qe3+ 43. Rd3 Qc1+
44. Kd4 Qxb1 45. g6 Qg1+ 46. Kc4 b5+ 47. Kc3 Qc1+ 48. Kd4 Qg1+ 49. Re3+ Kd6 50.
Kd3 Qxg6+ 51. Kc3 Qf6+ 52. Kb3 Qd4 53. Rc3 Qd1+ 54. Kb2 Kd5 55. Rc8 Qd4+ 56.
Kb3 Qd3+ 57. Kb2 Qe2+ 58. Kb3 Qf3+ 59. Rc3 Qd1+ 60. Kb2 Kd4 61. Rc8 Qe2+ 62.
Kb1 Qe1+ 63. Kb2 Qf2+ 64. Kb1 Qf5+ 65. Rc2 Kd3 66. Kb2 Qe5+ 67. Kb3 Qa1 68. Rb2
Qc1 69. Rg2 Qf4 70. Rc2 Qc4+ 71. Rxc4 bxc4+ 72. Kb2 Kd2 73. a4 c3+ 74. Kb3 c2
0-1